 Dungeon Crawl Stone Soup version 0.32-a0-42-ga30500b4d3 (webtiles) character file.

Game seed: 10143244241492469244

5195 grandjackal the Fighter (level 10, -4/86 HPs)
             Began as a Demonspawn Gladiator on Jan 29, 2024.
             Was a Follower of Kikubaaqudgha.
             Slain by a blink frog (6 damage)
             ... on level 8 of the Dungeon.
             The game lasted 00:11:05 (9678 turns).

grandjackal the Fighter (Demonspawn Gladiator)      Turns: 9678, Time: 00:11:05

Health: -4/86      AC:  8    Str: 15    XL:     10   Next: 34%
Magic:  10/10      EV: 10    Int:  8    God:    Kikubaaqudgha [*.....]
Gold:   373        SH:  0    Dex: 19    Spells: 3/9 levels left

rFire   . . .        G - +2 scimitar (flame)
rCold   . . .        (no shield)
rNeg    . . .        n - +0 scale mail
rPois   .            c - +0 helmet
rElec   .            (no cloak)
rCorr   .            D - +0 pair of gloves
SInv    .            (no boots)
Will    .....        l - amulet of the acrobat Stlth
                     (no ring)
HPRegen 0.34/turn    (no ring)
MPRegen 0.12/turn

%: acrobat
@: slowed, very slow
A: hooves 2, foul stench 1, demonic magic 2
a: Renounce Religion, Unearth Wretches


You were on level 8 of the Dungeon.
You worshipped Kikubaaqudgha.
Kikubaaqudgha was aware of your devotion.
You visited 3 branches of the dungeon, and saw 10 of its levels.
You also visited: Sewer.

You collected 559 gold pieces.
You spent 186 gold pieces at shops.

Inventory:

Hand Weapons
 G - a +2 scimitar of flaming (weapon)
Missiles
 d - 2 throwing nets (quivered)
 e - 7 javelins
 r - 23 poisoned darts
 t - a curare-tipped dart
Armour
 c - a +0 helmet (worn)
 n - a +0 scale mail (worn)
 D - a +0 pair of gloves (worn)
Jewellery
 a - a ring of ice
 l - an amulet of the acrobat (around neck)
 I - a ring of fire
Wands
 u - a wand of digging (4)
 A - a wand of charming (4)
Scrolls
 f - 4 scrolls of immolation {unknown}
 h - 4 scrolls of fear {unknown}
 j - 2 scrolls of enchant armour {unknown}
 k - 3 scrolls of enchant weapon {unknown}
 o - a scroll of poison {unknown}
 p - 3 scrolls of fog {unknown}
 s - a scroll of revelation {unknown}
 v - 5 scrolls of identify {unknown}
 w - 2 scrolls of teleportation
 x - a scroll of blinking
 y - a scroll of vulnerability
 B - a scroll of acquirement {unknown}
Potions
 b - a potion of might {unknown}
 g - a potion of lignification {unknown}
 i - 2 potions of brilliance {unknown}
 m - 2 potions of invisibility {unknown}
 q - 4 potions of degeneration {unknown}
 z - 2 potions of attraction {unknown}
 C - 2 potions of berserk rage {unknown}
 E - 3 potions of curing {unknown}
 F - 2 potions of heal wounds {unknown}
 H - a potion of cancellation {unknown}
 J - a potion of enlightenment {unknown}


   Skills:
 + Level 10.4 Fighting
 + Level 9.8 Long Blades
 - Level 2.0 Throwing
 - Level 3.0 Dodging
 + Level 5.5 Necromancy


You had 3 spell levels left.
You knew the following spells:

 Your Spells              Type           Power      Damage    Failure   Level
a - Necrotise             Necr           32%        1d5       19%         1
b - Kiss of Death         Conj/Necr      16%        2d6       52%         1
c - Animate Dead          Necr           8%         N/A       88%         4

Your spell library contained the following spells:

 Spells                   Type           Power      Damage    Failure   Level
 Sublimation of Blood     Necr           8%         N/A       28%         2
 Shock                    Conj/Air       0%         1d3       88%         1
 Ensorcelled Hibernation  Hex/Ice        0%         N/A       95%         2
 Passwall                 Erth           0%         N/A       99%         3
 Swiftness                Air            0%         N/A       99%         3
 Anguish                  Hex/Necr       2%         N/A       99%         4
 Airstrike                Air            0%         2d(0-16)  100%        4
 Cause Fear               Hex            0%         N/A       100%        4
 Enfeeble                 Hex            0%         N/A       100%        7


Dungeon Overview and Level Annotations

Branches:
Dungeon (8/15)             Temple (1/1) D:4            Lair (1/5) D:8
  Sewer (visited)

Altars:
Ashenzari
Cheibriados
Gozag
Hepliaklqana
Kikubaaqudgha
Makhleb
Nemelex Xobeh
Okawaru
Qazlal
Sif Muna
Trog
Vehumet
Wu Jian
Xom
Yredelemnul

Shops:
D:3 ?=[

Annotations:
D:7 2 transporters, Azoth's ghost, novice DEHu


Innate Abilities, Weirdness & Mutations

You have hoof-like feet.
You may rarely emit foul miasma when damaged in melee.
Spells you cast may paralyse nearby enemies.


Message History

You hear an angry hiss.
There is a staircase back to the Dungeon here.
You feel sick. The kobold brigand misses you.
The blink frog blinks!
The blink frog closely misses you. The blink frog misses you.
The kobold brigand hits you with a +0 whip.
* * * LOW HITPOINT WARNING * * *
The blink frog hits you.
* * * LOW HITPOINT WARNING * * *
The blink frog blinks!
You climb upwards.
Welcome back to the Dungeon!
The orc shouts!
You feel very sick.
The kobold closely misses you. x2; The kobold barely misses you.
The kobold closely misses you.
There is a staircase to the Lair here.
Blink to where?
Press: ? - help, Dir - move target
As you read the scroll of blinking, it crumbles to dust.
You feel sick.
You are no longer poisoned.
Okay, then.
Aiming: Charm
Press: ? - help, Shift-Dir - straight line, f - blink frog
Aim: a blink frog (chance to affect: 31%)
The blink frog easily resists.
The kobold throws a stone.
The stone hits you but does no damage.
Unknown command.
Aiming: Charm
Press: ? - help, Shift-Dir - straight line, f/p - blink frog
Aim: a blink frog (chance to affect: 31%)
The blink frog easily resists.
Unknown command.
Aiming: Charm
Press: ? - help, Shift-Dir - straight line, f/p - blink frog
Aim: a blink frog (chance to affect: 31%)
The blink frog easily resists.
The blink frog hits you!
* * * LOW HITPOINT WARNING * * *
The blink frog hits you.
You die...
Kikubaaqudgha rasps: "You have failed me!
Welcome... death!"

.................# ..
#........>o......#..
#.........K....P.#.##
...........K.P...#..#
#..P.....P....PK....#
...........K.K....#### ##..
.............KKK.....##...
#..............F..#.......
.....P..........@.#.....#
#....................#..# ...
##.#.........P.......#.# ..#
#.#...................# #.#
#..#................### #.##
................##....###..##
.♣♣.♣♣.........÷...#.##...#.##
.♣..[...##...#.##.#.#...
♣......##....)[.......#


You could see a blink frog, a kobold brigand, an orc and 7 kobolds.

Vanquished Creatures
  A komodo dragon (D:8)
  3 yaks
  2 humans (D:8)
  2 vampire mosquitoes (D:8)
  A steam dragon (D:7)
  An orc warrior (D:8)
  4 water moccasins
  A sky beast (D:6)
  A black bear (D:8)
  6 ogres
  2 centaurs
  3 phantoms (D:6)
  6 kobold brigands
  Blork the orc (D:6)
  7 bullfrogs
  A scorpion (D:4)
  9 wights
  A howler monkey (D:5)
  3 bombardier beetles
  2 jellies
  2 orc priests
  A hound (D:6)
  6 iguanas
  4 orc wizards
  A killer bee simulacrum (D:8)
  7 gnolls
  6 adders
  3 river rats (Sewer)
  2 white imps
  2 dart slugs
  6 ribbon worms
  20 orcs
  3 bats
  9 endoplasms
  5 giant cockroaches
  7 goblins
  9 hobgoblins
  5 jackals (D:3)
  A quokka (D:4)
  16 ball pythons
  2 frilled lizards
  22 kobolds
  3 rats
  A spectral goblin (D:1)
200 creatures vanquished.

Vanquished Creatures (others)
  A human (D:6)
1 creature vanquished.

Grand Total: 201 creatures vanquished

Notes
Turn   | Place    | Note
-------+----------+-------------------------------------------
     0 | D:1      | grandjackal the Demonspawn Gladiator began the quest for
                  | the Orb.
     0 | D:1      | Reached XP level 1. HP: 16/16 MP: 1/1
   110 | D:1      | Found a faded altar of an unknown god.
   212 | D:1      | Gained mutation: You have large cloven feet. [demonic
                  | ancestry]
   212 | D:1      | Reached XP level 2. HP: 19/22 MP: 2/2
   924 | D:2      | Gained mutation: You have hoof-like feet. [demonic
                  | ancestry]
   924 | D:2      | Reached XP level 3. HP: 14/28 MP: 3/3
  1705 | D:2      | Reached skill level 3 in Fighting
  1832 | D:3      | Found a glowing drain.
  1891 | D:3      | Gained mutation: You may rarely emit foul miasma when
                  | damaged in melee. [demonic ancestry]
  1891 | D:3      | Reached XP level 4. HP: 11/35 MP: 4/4
  1995 | Sewer    | Entered a sewer
  2017 | Sewer    | Noticed a kobold brigand
  2036 | Sewer    | Killed a kobold brigand
  2037 | Sewer    | Reached XP level 5. HP: 38/42 MP: 5/5
  2263 | Sewer    | Reached skill level 4 in Fighting
  2391 | Sewer    | Gained mutation: Spells you cast may paralyse adjacent
                  | enemies. [demonic ancestry]
  2391 | Sewer    | Reached XP level 6. HP: 28/49 MP: 6/6
  2825 | Sewer    | Reached skill level 5 in Fighting
  2825 | Sewer    | Reached skill level 5 in Long Blades
  2907 | D:3      | Found Xabary's Armour Shoppe.
  3262 | D:3      | Gained mutation: Spells you cast may paralyse nearby
                  | enemies. [demonic ancestry]
  3262 | D:3      | Reached XP level 7. HP: 56/56 MP: 7/7
  3376 | D:3      | Found Hasaotz's Magic Scroll Boutique.
  3382 | D:3      | Bought a scroll of teleportation for 36 gold pieces
  3382 | D:3      | Bought a scroll of blinking for 90 gold pieces
  3382 | D:3      | Bought a scroll of vulnerability for 48 gold pieces
  3382 | D:3      | Bought a scroll of noise for 12 gold pieces
  3655 | D:3      | Found Mistrig's Jewellery Emporium.
  4208 | D:4      | Reached skill level 6 in Fighting
  4281 | D:4      | Found a staircase to the Ecumenical Temple.
  4356 | Temple   | Entered the Ecumenical Temple
  4423 | D:4      | Found a stormy altar of Qazlal.
  5150 | D:5      | Entered Level 5 of the Dungeon
  5226 | D:5      | Reached XP level 8. HP: 34/65 MP: 8/8
  5476 | D:5      | Reached skill level 7 in Fighting
  6048 | D:5      | Found a bloodstained altar of Trog.
  6048 | D:5      | Found a basalt altar of Yredelemnul.
  6133 | D:6      | Noticed Blork the orc
  6145 | D:6      | Killed Blork the orc
  6163 | D:5      | Reached skill level 8 in Fighting
  6510 | D:6      | Found an opulent altar of Gozag.
  6622 | D:6      | Reached XP level 9. HP: 75/75 MP: 9/9
  7197 | D:6      | Found a snail-covered altar of Cheibriados.
  7204 | D:6      | Found a radiant altar of Vehumet.
  7210 | D:6      | Reached skill level 9 in Fighting
  7368 | D:6      | Found an ancient bone altar of Kikubaaqudgha.
  7372 | D:6      | Became a worshipper of Kikubaaqudgha
  7502 | D:7      | Found a transporter.
  7507 | D:7      | Noticed Azoth's ghost (novice DEHu)
  7666 | D:7      | Reached skill level 1 in Necromancy
  8905 | D:7      | Found a transporter.
  9105 | D:8      | Found an iron altar of Okawaru.
  9129 | D:8      | Reached skill level 10 in Fighting
  9129 | D:8      | Reached XP level 10. HP: 51/85 MP: 10/10
  9361 | D:8      | Reached skill level 5 in Necromancy
  9442 | D:8      | Reached * piety under Kikubaaqudgha
  9442 | D:8      | Received a gift from Kikubaaqudgha
  9520 | D:8      | Learned a level 1 spell: Necrotise
  9522 | D:8      | Learned a level 1 spell: Kiss of Death
  9527 | D:8      | Learned a level 4 spell: Animate Dead
  9545 | D:8      | Found a staircase to the Lair.
  9672 | Lair:1   | Entered Level 1 of the Lair of Beasts
  9678 | D:8      | HP: 2/86 [blink frog (16)]
  9678 | D:8      | Slain by a blink frog

Illustrated notes

Levels and vault maps discovered:
D:1:      dpeg_arrival_ternary, layout_basic,
          dreamdust_ecumenical_altar_drowned_temple
D:2:      layout_loops_corners
D:3:      layout_basic, old_standard_altar, portal_sewer_entry_a, serial_bayou,
          serial_bayou_shore_a, serial_bayou_pond_d, serial_bayou_pond_a,
          serial_bayou_lake_a, serial_bayou_pond_c, serial_bayou_shore_b,
          serial_shops, nicolae_shop_just_a_little_nook, shop, shop
D:4:      layout_loops_corners, mainiacjoe_overflow_boulevard, temple_pool_b,
          amcnicky_mini_rare_corridor_liquid, minivault_14,
          roderic_roman_lattice, serial_bayou_lagoon_b
D:5:      layout_rooms, nicolae_overflow_two_pavilions
D:6:      layout_loops_ring, tgw_kikubaaqudgha,
          nicolae_gozag_cash_rules_everything_around_me, jmf_multi_god_temple2,
          uniq_blork_the_orc
D:7:      layout_loops_corners, gammafunk_ghost_stat_death
D:8:      layout_cave_pools, nicolae_dithmenos_the_darkroom, okawaru_humans,
          mainiacjoe_overflow_small_starburst, due_lair_maze_entry_diamond,
          serial_ice, serial_ice_m, serial_ice_g, serial_ice_o, serial_ice_c
Temple:   nicolae_temple_cloud_nine
Lair:1:   layout_loops_ring, wad_woods_road_01, cheibrodos_lair_caveside_slide

Skill      XL: |  1  2  3  4  5  6  7  8  9 10 |
---------------+-------------------------------+-----
Throwing       | 2 |  2.0
Long Blades    | 3 4 5 6 8 9 |  9.8
Dodging        | 3 |  3.0
Fighting       | 3 4 5 6 8 10 | 10.4
Necromancy     | 4 5 |  5.5

Action                     |  1- 3 |  4- 6 |  7- 9 | 10-12 || total
---------------------------+-------+-------+-------+-------++-------
  Melee: Long sword        |   118 |   156 |   205 |       ||   479
         Kick              |    12 |    37 |   116 |    10 ||   175
         Punch             |       |     3 |     7 |     1 ||    11
         Scimitar          |       |       |   146 |    41 ||   187
  Throw: Throwing net      |       |       |     1 |       ||     1
  Evoke: Wand              |       |       |       |     3 ||     3
    Use: Scroll            |       |       |       |     1 ||     1
 Armour: Leather armour    |    43 |       |       |       ||    43
         Scale mail        |    36 |    85 |   211 |    39 ||   371
  Dodge: Dodged            |    79 |    85 |   165 |    37 ||   366

Table legend: (Time is in decaauts)
 A = Elapsed time spent in this place.
 B = Non-inter-level travel time spent in this place.
 C = Inter-level travel time spent in this place.
 D = Time resting spent in this place.
 E = Time spent auto-exploring this place.
 F = Levels seen in this place.
 G = Mean time per level.
                   A        B        C        D        E       F      G
               +--------+--------+--------+--------+--------+-----+--------+
         Total |   9983 |   9713 |    270 |   2336 |   5463 |  11 |  907.5 |
       Dungeon |   8914 |   8645 |    269 |   2176 |   4930 |   8 | 1114.2 |
        Temple |      9 |      9 |      0 |      0 |      0 |   1 |    9.0 |
          Lair |      2 |      2 |      0 |      0 |      0 |   1 |    2.0 |
         Sewer |   1056 |   1056 |      0 |    160 |    533 |   1 | 1056.0 |
               +--------+--------+--------+--------+--------+-----+--------+

Top non-repeatable levels by time:
     D:6: 1439 daAuts
     D:4: 1414 daAuts
     D:7: 1318 daAuts
     D:5: 1132 daAuts
   Sewer: 1056 daAuts
     D:3: 1047 daAuts
     D:2: 1046 daAuts
     D:1: 880 daAuts
     D:8: 636 daAuts
  Temple: 9 daAuts
  Lair:1: 2 daAuts
